 Dungeon Crawl Stone Soup version 0.30.1-11-g7821555f0a (webtiles) character file.

Game seed: 5750526634139049031

178 Gumption the Cudgeller (level 5, -4/42 HPs)
             Began as a Human Cinder Acolyte on Nov 10, 2023.
             Was an Elder of Ignis.
             Slain by a sleepcap (21 damage)
             ... on level 3 of the Dungeon.
             The game lasted 00:33:33 (3515 turns).

Gumption the Cudgeller (Human Cinder Acolyte)       Turns: 3515, Time: 00:33:33

Health: -4/42      AC:  4    Str: 14    XL:     5   Next: 89%
Magic:  1/9        EV:  2    Int: 16    God:    Ignis [****..]
Gold:   185        SH:  0    Dex:  9    Spells: 8/10 levels left

rFire   + + .        w - staff of fire
rCold   . . .        (no shield)
rNeg    . . .        p - +0 leather armour
rPois   +            (no helmet)
rElec   .            (no cloak)
rCorr   .            (no gloves)
SInv    .            b - +0 pair of boots
Will    .....        (no amulet)
Stlth   +            j - ring of poison resistance
HPRegen 0.27/turn    v - ring of wizardry
MPRegen 0.11/turn

%: wizardry (x1)
@: sleeping
A: no striking features
a: Renounce Religion, Fiery Armour, Foxfire Swarm, Rising Flame


You were on level 3 of the Dungeon.
You worshipped Ignis.
Ignis was greatly pleased with you.
You visited 1 branch of the dungeon, and saw 4 of its levels.

You collected 185 gold pieces.

Inventory:

Hand Weapons
 a - a -1 mace of flaming
 o - a +0 sling
Missiles
 k - 32 stones
 m - 5 boomerangs (quivered)
Armour
 b - a +0 pair of boots (worn)
 e - a +0 scale mail
 h - a +0 robe
 p - a +0 leather armour (worn)
Magical Staves
 w - a staff of fire (weapon)
Jewellery
 j - a ring of poison resistance (left hand)
 n - a ring of ice
 s - a ring of resist corrosion
 v - a ring of wizardry (right hand)
Scrolls
 d - 3 scrolls of fear
 g - a scroll of fog {unknown}
 i - 2 scrolls of vulnerability
 l - a scroll of blinking
 r - a scroll of identify
Potions
 c - a potion of berserk rage
 f - a potion of flight
 q - a potion of lignification
 t - a potion of mutation
 u - 2 potions of magic


   Skills:
 + Level 3.7 Fighting
 - Level 3.7(3.8) Maces & Flails
 + Level 0.8(2.4) Staves
 - Level 0.1 Armour
 * Level 3.0 Spellcasting
 + Level 3.7 Fire Magic


You had 8 spell levels left.
You knew the following spells:

 Your Spells              Type           Power      Damage    Failure   Level
a - Scorch                Fire           42%        2d6       3%          2

Your spell library contained the following spells:

 Spells                   Type           Power      Damage    Failure   Level


Dungeon Overview and Level Annotations

Branches:
Dungeon (4/15)
 Temple: D:4-7

Altars:


Message History

The sleepcap closely misses you.
You hit the sleepcap but do no damage.
The sleepcap is moderately damaged.
The sleepcap releases spores at you but does no damage.
The sleepcap closely misses you.
You hit the sleepcap but do no damage.
The sleepcap is moderately damaged.
The sleepcap barely misses you.
You hit the sleepcap.
The sleepcap is moderately damaged.
The sleepcap is no longer more vulnerable to fire.
The sleepcap releases spores at you.
You completely miss the sleepcap.
The sleepcap is moderately damaged.
The sleepcap releases spores at you.
You are engulfed in a cloud of soporific spores!
You fall asleep.
The sleepcap releases spores at you!
You wake up.
You are engulfed in a cloud of soporific spores!
You are unaffected.
There is a stone staircase leading up here.
The sleepcap releases spores at you.
You climb upwards.
There is a stone staircase leading down here.
Casting: Scorch (safe; 3% risk of failure)
Confirm with . or Enter, or press ? or * to list all spells.
You feel a surge of power!
Flames lash the sleepcap.
The sleepcap is heavily damaged.
The sleepcap's fire resistance burns away.
The sleepcap releases spores at you but does no damage.
You hit the sleepcap.
The sleepcap is severely damaged.
The sleepcap releases spores at you.
You are engulfed in a cloud of soporific spores!
You fall asleep.
The sleepcap barely misses you.
The sleepcap is no longer more vulnerable to fire.
The sleepcap releases spores at you!!
Ouch! That really hurt!
You die...

##### ##############...#
##.....#.....##...# #####
##.............#...# #...#
#...)..............#######...#
#............................#
#..............@...#######...#
#..............f>.## #...#
#..............>#..#######...#
#...............#.......##.#####
##..............................
####.....[.....####.####.....####
......######......#.#.....#..###.
####### #...............##..## #
#...............#.[)..


You could see a sleepcap.

Vanquished Creatures
  2 orc wizards (D:3)
  2 gnolls (D:4)
  5 adders
  A worm (D:2)
  2 dart slugs
  3 orcs
  A ball python (D:1)
  8 bats
  5 endoplasms
  4 giant cockroaches
  5 goblins
  6 hobgoblins
  A quokka (D:1)
  4 frilled lizards
  3 kobolds
  3 rats
55 creatures vanquished.

Vanquished Creatures (others)
  40 foxfires
40 creatures vanquished.

Grand Total: 95 creatures vanquished

Notes
Turn   | Place    | Note
-------+----------+-------------------------------------------
     0 | D:1      | Gumption the Human Cinder Acolyte began the quest for the
                  | Orb.
     0 | D:1      | Reached XP level 1. HP: 18/18 MP: 2/2
   368 | D:1      | Reached XP level 2. HP: 20/24 MP: 3/3
   444 | D:1      | Learned a level 2 spell: Scorch
  1034 | D:2      | Reached XP level 3. HP: 26/29 MP: 1/5
  1875 | D:2      | Reached XP level 4. HP: 32/35 MP: 3/7
  2305 | D:3      | Reached XP level 5. HP: 36/41 MP: 4/8
  3515 | D:3      | Slain by a sleepcap

Illustrated notes

Levels and vault maps discovered:
D:1:      psy_arrival_whirlpool, layout_basic
D:2:      layout_loops_cross
D:3:      layout_rooms, hangedman_glass_teeth, amcnicky_mini_pool_small,
          st_stairs_5
D:4:      layout_loops_ring, grunt_ministairs_6, minmay_shop_grid_forest,
          mrwooster_statue_mirror, minivault_5, uniq_eustachio

Skill      XL: |  1  2  3  4  5 |
---------------+----------------+-----
Spellcasting   | 2 3 |  3.0
Fighting       | |  3.7
Maces & Flails | |  3.7
Staves         | |  0.8
Armour         | |  0.1
Fire Magic     | |  3.7

Action                     |  1- 3 |  4- 6 || total
---------------------------+-------+-------++-------
  Melee: Mace              |    48 |    17 ||    65
         Staff             |       |    49 ||    49
  Throw: Boomerang         |     2 |     2 ||     4
   Cast: Scorch            |    17 |    26 ||    43
 Invoke: Foxfire Swarm     |       |     3 ||     3
    Use: Scroll            |     4 |     5 ||     9
 Armour: Robe              |     5 |       ||     5
         Leather armour    |    12 |    29 ||    41
  Dodge: Dodged            |    37 |    24 ||    61
